 Dungeon Crawl Stone Soup version 0.30.0-10-gfe55d96785 (webtiles) character file.

Game seed: 9787007410790713449

81 garrulousMonolith the Magician (level 4, -3/32 HPs)
             Began as a Djinni Ice Elementalist on May 16, 2023.
             Was an Initiate of Qazlal.
             Slain by a gnoll
             ... wielding a +0 flail
              (11 damage)
             ... on level 2 of the Dungeon.
             The game lasted 00:03:06 (1589 turns).

garrulousMonolith the Magician (DjIE)               Turns: 1589, Time: 00:03:07

Health: -3/32      AC:  3    Str:  7    XL:     4   Next: 68%
Gold:   117        EV: 12    Int: 19    God:    Qazlal [......] SH:  0 Dex: 13

rFire   + + .        a - +2 dagger (elec)
rCold   x . .        (no shield)
rNeg    . . .        c - +0 leather armour
rPois   ∞            (no helmet)
rElec   .            (no cloak)
rCorr   .            (no gloves)
SInv    .            (boots unavailable)
Will    .....        (no amulet)
Stlth   ++           (no ring)
HPRegen 0.25/turn    (no ring)
MPRegen 0.00/turn

%: infuse magic (-4 HP)
@: flying
A: sickness immunity, fire resistance 2, cold vulnerability 1, float, innate
caster, HP casting, extra vitality 1
a: Renounce Religion


You were on level 2 of the Dungeon.
You worshipped Qazlal.
Qazlal was noncommittal.
You visited 1 branch of the dungeon, and saw 2 of its levels.

You collected 117 gold pieces.

Inventory:

Hand Weapons
 a - a +2 dagger of electrocution (weapon)
 b - a +3 sling of flaming
Missiles
 k - 5 poisoned darts
Armour
 c - a +0 leather armour (worn)
 j - a +0 robe
Scrolls
 e - 5 scrolls of immolation {unknown}
 f - 3 scrolls of identify {unknown}
 h - a scroll of enchant weapon {unknown}
 i - 2 scrolls of teleportation {unknown}
 l - 2 scrolls of magic mapping {unknown}
 m - a scroll of noise {unknown}
 p - a scroll of fog {unknown}
Potions
 d - a potion of heal wounds {unknown}
 g - a potion of lignification {unknown}
 n - 2 potions of brilliance {unknown}
 o - a potion of attraction {unknown}


   Skills:
 + Level 1.0 Fighting
 * Level 1.4 Ranged Weapons
 + Level 3.0 Dodging
 - Level 1.7 Stealth
 * Level 3.7 Spellcasting


You knew the following spells:

 Your Spells              Type           Power      Damage    Failure   Level
a - Sandblast             Erth           34%        2d9       4%          1
b - Frozen Ramparts       Ice            34%        1d6       14%         3
c - Ozocubu's Armour      Ice            17%        N/A       14%         3
d - Summon Ice Beast      Ice/Summ       17%        N/A       41%         4
e - Freeze                Ice            68%        1d8       4%          1
Your spell library was empty.

Dungeon Overview and Level Annotations

Branches:
Dungeon (2/15)

Altars:
Qazlal


Innate Abilities, Weirdness & Mutations

You are immune to sickness and miasma.
You are immune to poison.
Your flesh is very heat resistant. (rF++)
You are vulnerable to cold. (rC-)
You float through the air rather than walking.
You learn spells naturally, not from books.
Your magical power is your life essence.
You have superior vitality. (+4 MHP)


Message History

Aim: a gnoll, wielding a +0 whip (84% to hit)
The blast of sand misses the gnoll.
Casting: Sandblast (safe; 4% risk of failure)
Confirm with . or Enter, or press ? or * to list all spells.
Aiming: Sandblast (safe; 4% risk of failure)
Press: ? - help, Shift-Dir - straight line, f/p - gnoll
Aim: a gnoll, wielding a +0 whip (84% to hit)
The blast of sand hits the gnoll.
The gnoll is heavily wounded.
The gnoll hits you with a +0 whip.
A kobold comes into view. It is wielding a +0 whip.
The gnoll attacks as you move away! The gnoll hits you with a +0 whip!
The gnoll attacks as you move away! The gnoll closely misses you.
Casting: Sandblast (safe; 4% risk of failure)
Confirm with . or Enter, or press ? or * to list all spells.
Aiming: Sandblast (safe; 4% risk of failure)
Press: ? - help, Shift-Dir - straight line, f/p - gnoll
Aim: a gnoll, wielding a +0 whip (heavily wounded, 84% to hit)
The blast of sand misses the gnoll.
The gnoll closely misses you. x2
Casting: Sandblast (safe; 4% risk of failure)
Confirm with . or Enter, or press ? or * to list all spells.
Aiming: Sandblast (safe; 4% risk of failure)
Press: ? - help, Shift-Dir - straight line, f/p - gnoll
Aim: a gnoll, wielding a +0 whip (heavily wounded, 84% to hit)
The blast of sand hits the gnoll!
You kill the gnoll!
Qazlal accepts your kill.
Your Dodging skill increases to level 3!
Casting: Sandblast (safe; 4% risk of failure)
Confirm with . or Enter, or press ? or * to list all spells.
Aiming: Sandblast (safe; 4% risk of failure)
Press: ? - help, Shift-Dir - straight line, f - gnoll
Aim: a gnoll, wielding a +0 flail (84% to hit)
The blast of sand hits the gnoll.
The gnoll is lightly wounded.
The kobold shouts!
The gnoll hits you with a +0 flail!
* * * LOW HITPOINT WARNING * * *
The gnoll hits you with a +0 flail!
You die...

#.# #(# #.#
#.# #.######.
##........
#...#
##########..##
...K...@gg..#
##########.##
#.# #.# ## #.#
.# #.# .#
#...# #.# .#
#...# #.# .#
#...# #.#


You could see 2 gnolls and a kobold.

Vanquished Creatures
  Terence (D:2)
  A gnoll (D:2)
  An adder (D:2)
  A dart slug (D:1)
  4 ball pythons (D:1)
  5 bats
  5 endoplasms
  3 giant cockroaches
  2 goblins
  3 hobgoblins
  A quokka (D:1)
  3 frilled lizards (D:1)
  2 kobolds (D:2)
  4 rats (D:1)
36 creatures vanquished.

Notes
Turn   | Place    | Note
-------+----------+-------------------------------------------
     0 | D:1      | garrulousMonolith the Djinni Ice Elementalist began the
                  | quest for the Orb.
     0 | D:1      | garrulousMonolith set off with the following spells
                  | memorised: Freeze, Frozen Ramparts, Ozocubu's Armour,
                  | Summon Ice Beast.
     0 | D:1      | Reached XP level 1. HP: 15/15 MP: 0/0
   380 | D:1      | Reached XP level 2. HP: 21/21 MP: 0/0
   721 | D:1      | Reached XP level 3. HP: 26/26 MP: 0/0
   721 | D:1      | Learned a level 1 spell: Sandblast
  1055 | D:2      | Noticed Terence
  1066 | D:2      | Killed Terence
  1067 | D:2      | Reached skill level 1 in Ranged Weapons
  1067 | D:2      | Reached XP level 4. HP: 22/31 MP: 0/0
  1103 | D:2      | Found a stormy altar of Qazlal.
  1109 | D:2      | Became a worshipper of Qazlal Stormbringer
  1205 | D:2      | Reached skill level 1 in Fighting
  1589 | D:2      | Slain by a gnoll

Illustrated notes

Levels and vault maps discovered:
D:1:      wheals_arrival_shading, layout_rooms, serial_rivers,
          chequers_serial_rivers_large_b, chequers_serial_rivers_micro_b,
          chequers_serial_rivers_room_b, chequers_serial_rivers_small_3,
          minmay_bisected
D:2:      layout_loops_ring, basic_altar, uniq_crazy_yiuf_cottage, uniq_terence

Skill      XL: |  1  2  3  4 |
---------------+-------------+-----
Ranged Weapons | 1 |  1.4
Fighting       | 1 |  1.0
Dodging        | 3 |  3.0
Stealth        | |  1.7
Spellcasting   | |  3.7

Action                     |  1- 3 |  4- 6 || total
---------------------------+-------+-------++-------
  Melee: Dagger            |     3 |       ||     3
   Fire: Sling             |    23 |       ||    23
   Cast: Freeze            |    11 |       ||    11
         Sandblast         |     5 |    18 ||    23
 Armour: Leather armour    |     5 |     2 ||     7
         Robe              |     1 |       ||     1
  Dodge: Dodged            |    10 |     7 ||    17
